 Dungeon Crawl Stone Soup version 0.18.1-50-g88ac8fd (webtiles) character file.

14849 magog001 the Nimble (level 11, -13/90 HPs)
             Began as a Demonspawn Gladiator on Dec 17, 2016.
             Was a Priest of Nemelex Xobeh.
             Killed from afar by Josephine (26 damage)
             ... with a ghostly fireball
             ... on level 2 of the Orcish Mines.
             The game lasted 01:05:32 (11067 turns).

magog001 the Nimble (Demonspawn Gladiator)         Turns: 11067, Time: 01:05:36

Health: -13/90     AC: 21    Str: 22    XL:     11   Next: 94%
Magic:  12/13      EV: 20    Int:  6    God:    Nemelex Xobeh [***...]
Gold:   693        SH:  2    Dex: 19    Spells: 0 memorised, 10 levels left

rFire  . . .     SeeInvis .     t - +5 battleaxe (venom)
rCold  . . .     Gourm    .     z - +3 chain mail
rNeg   . . .     Faith    .     (shield currently unavailable)
rPois  .         Spirit   .     y - +0 helmet
rElec  .         Dismiss  .     n - +0 cloak
rCorr  .         Reflect  .     (no gloves)
SustAt .         Harm     .     l - +1 pair of boots
MR     .....     Rnd*Tele +     V - amulet of regeneration
Stlth  +.........               (no ring)
                                d - +2 ring of strength

@: agile, not resistant to hostile enchantments, very unstealthy
A: talons 2, large bone plates 1, blurry vision 1, dopey 2, powered by pain 1,
shaggy fur 1, spiny 1, strong 1, teleportitis 1
a: Triple Draw, Renounce Religion


You were on level 2 of the Orcish Mines.
You worshipped Nemelex Xobeh.
Nemelex Xobeh was most pleased with you.
You were full.

You visited 2 branches of the dungeon, and saw 12 of its levels.

You collected 1284 gold pieces.
You spent 591 gold pieces at shops.

Inventory:

Hand Weapons
 a - a +3 war axe
 t - a +5 battleaxe of venom (weapon)
 U - a +2 falchion of slicing
Missiles
 b - 16 tomahawks (quivered)
 x - 6 tomahawks of returning
 T - 46 poisoned needles
Armour
 c - a +2 shield
 l - a +1 pair of boots (worn)
 n - a +0 cloak (worn)
 y - a +0 helmet (worn)
 z - a +3 chain mail (worn)
Jewellery
 d - a +2 ring of strength (left hand)
 k - an uncursed amulet of the gourmand
 V - an amulet of regeneration (around neck)
Wands
 j - a wand of polymorph (17/24)
 o - a wand of lightning (0/15)
 p - a wand of acid (0/15)
 G - a wand of slowing (22/48)
 L - a wand of flame (19/48)
 N - a wand of flame (26/48)
 X - a wand of flame (20/48)
Scrolls
 e - 3 scrolls of magic mapping
 h - a scroll of teleportation {unknown}
 m - 4 scrolls of remove curse
 s - 3 scrolls of fear
 w - a scroll of amnesia {unknown}
 A - a scroll of noise
 B - a scroll of fog {unknown}
 C - 6 scrolls of identify
Potions
 q - a potion of cure mutation {unknown}
 r - 2 potions of degeneration {unknown}
 E - a potion of flight
 I - a potion of haste
 K - a potion of invisibility {unknown}
 R - a potion of ambrosia {unknown}
Miscellaneous
 v - a plain deck of escape
 F - a plain deck of war {drawn: 1}
 M - a plain deck of war {drawn: 3}
 Q - a plain deck of war {drawn: 1}
 W - a plain deck of destruction
Comestibles
 f - 8 bread rations
 g - 12 fruits
 i - 10 meat rations
 u - 6 chunks of flesh
 D - 2 beef jerkies


   Skills:
 * Level 10.0 Fighting
 + Level 0.5 Long Blades
 + Level 8.7 Axes
 + Level 2.0 Throwing
 * Level 7.4 Armour
 * Level 10.1 Dodging
 + Level 3.6 Stealth
 + Level 0.8 Shields
 + Level 2.8 Evocations


You had 10 spell levels left.
You didn't know any spells.

Dungeon Overview and Level Annotations

Branches:
Dungeon (10/15)            Temple (0/1) D:7            Lair (0/8) D:10
    Orc (2/2) D:9
    Elf: Orc:2

Altars:
Dithmenos
Makhleb
Nemelex Xobeh
Okawaru
Pakellas
Yredelemnul

Shops:
D:10 (

Annotations:
Orc:2 Josephine


Innate Abilities, Weirdness & Mutations

You have razor-sharp toenails.
You are partially covered in large bone plates (AC +2, SH +2).
You sometimes gain a little power by taking damage.
You are partially covered in sharp spines.
Scrolls take you a little longer to read.
You are very dopey. (Int -4)
You are covered in fur (AC +1).
Your muscles are strong. (Str +2)
You are occasionally teleported next to monsters.


Message History

Drink which item? (? for menu, Esc to quit)
You feel better.
Josephine shouts!
The ettin is struck by your spines.
The ettin hits you but does no damage. x2
You slash the ettin!
The ettin is severely wounded.
The ettin hits you with a dire flail.
* * * LOW HITPOINT WARNING * * *
The ettin misses you.
You barely miss the ettin.
The ettin is severely wounded.
The ettin barely misses you. The ettin hits you with a dire flail.
* * * LOW HITPOINT WARNING * * *
You slice the ettin!!
You kill the ettin!
Your Fighting skill increases to level 10!
Josephine points at you and mumbles some strange words.
The ghostly flame explodes!
The ghostly fireball engulfs you!
You die...
Your body disappears without a glow.

# ## ##
#.#.##.###
.........##
..#.......
........$
........#
........##
....@..)@#
..$$.##..#
.... #...
... #..#.
.. ...... .
....# ..
..... ...
...... .##


You could see Josephine.

Vanquished Creatures
  An ettin (Orc:2)
  An orc high priest (Orc:1)
  4 griffons (D:10)
  A centaur skeleton (D:10)
  A two-headed ogre (Orc:1)
  3 polar bears (D:10)
  3 trolls
  A spriggan (D:7)
  17 yaks
  A wraith (D:10)
  2 hogs (D:10)
  A hungry ghost (D:10)
  A hippogriff (D:10)
  4 wargs
  Duvessa (D:5)
  4 black bears (D:10)
  An ice beast (D:9)
  5 sky beasts
  10 orc warriors
  A phantom (D:6)
  A necrophage (D:9)
  7 centaurs
  7 ogres
  A giant frog (D:7)
  A water moccasin zombie (D:9)
  Dowan (D:5)
  A wyvern skeleton (D:10)
  6 killer bees (D:9)
  A scorpion (D:4)
  3 howler monkeys
  5 crimson imps
  A quasit (D:9)
  A giant frog zombie (D:10)
  12 orc priests
  7 hounds
  A gnoll shaman (D:4)
  A jelly (D:7)
  4 iguanas
  12 orc wizards
  8 worker ants
  A sheep (D:10)
  2 hound skeletons (D:10)
  3 worker ant zombies
  Robin (D:4)
  9 gnolls
  9 adders
  A shadow imp (D:5)
  2 oozes
  6 adder skeletons
  An adder zombie (D:5)
  5 worms
  A dart slug (D:2)
  4 giant geckos
  31 orcs
  3 ball pythons
  7 bats
  5 giant cockroaches
  2 gnoll zombies (D:7)
  15 goblins
  8 hobgoblins
  12 jackals
  8 kobolds
  3 quokkas
  4 giant newts
  11 rats
298 creatures vanquished.

Vanquished Creatures (collateral kills)
  A hill giant (D:10)
  An orc sorcerer (Orc:1)
2 creatures vanquished.

Vanquished Creatures (others)
  A sky beast (D:9)
1 creature vanquished.

Grand Total: 301 creatures vanquished

Notes
Turn   | Place    | Note
--------------------------------------------------------------
     0 | D:1      | magog001 the Demonspawn Gladiator began the quest for the Orb.
     0 | D:1      | Reached XP level 1. HP: 16/16 MP: 1/1
   204 | D:1      | Gained mutation: You have sharp toenails. [demonic ancestry]
   204 | D:1      | Reached XP level 2. HP: 18/22 MP: 2/2
   597 | D:1      | Gained mutation: You sometimes gain a little power by taking damage. [demonic ancestry]
   597 | D:1      | Reached XP level 3. HP: 16/27 MP: 3/3
  1285 | D:2      | Reached skill level 1 in Armour
  1493 | D:2      | Reached XP level 4. HP: 34/34 MP: 4/4
  1836 | D:3      | Found a burning altar of Makhleb.
  1836 | D:3      | Noticed a balrug
  1878 | D:3      | Reached skill level 1 in Stealth
  1878 | D:3      | Reached XP level 5. HP: 15/39 MP: 5/5
  2209 | D:3      | Found an oddly glowing altar of Pakellas.
  2300 | D:3      | Found an iron altar of Okawaru.
  3016 | D:4      | Gained mutation: You are partially covered in large bone plates (AC +2, SH +2). [demonic ancestry]
  3016 | D:4      | Reached XP level 6. HP: 46/46 MP: 6/6
  3085 | D:4      | Noticed Robin
  3112 | D:4      | HP: 1/47 [orc priest/divine providence (12)]
  3117 | D:4      | Killed Robin
  3649 | D:4      | Gained mutation: You are partially covered in sharp spines. [demonic ancestry]
  3649 | D:4      | Reached XP level 7. HP: 32/52 MP: 7/7
  4260 | D:4      | Gained mutation: Your muscles are strong. (Str +2) [potion of beneficial mutation]
  4334 | D:5      | Entered Level 5 of the Dungeon
  4354 | D:5      | Noticed Duvessa
  4356 | D:5      | Noticed Dowan
  4370 | D:5      | Killed Duvessa
  4370 | D:5      | Reached skill level 5 in Axes
  4375 | D:5      | Killed Dowan
  4375 | D:5      | Reached skill level 5 in Dodging
  4713 | D:5      | Found a shadowy altar of Dithmenos.
  4743 | D:5      | Gained mutation: You have razor-sharp toenails. [demonic ancestry]
  4743 | D:5      | Reached XP level 8. HP: 61/61 MP: 8/8
  4802 | D:5      | Found a sparkling altar of Nemelex Xobeh.
  4810 | D:5      | Became a worshipper of Nemelex Xobeh the Trickster
  5147 | D:6      | Received a gift from Nemelex Xobeh
  5459 | D:6      | Gained mutation: You are dopey. (Int -2) [mutagenic meat]
  5478 | D:6      | Reached skill level 5 in Fighting
  5778 | D:6      | Gained mutation: You are very dopey. (Int -4) [mutagenic meat]
  5779 | D:6      | Gained mutation: Scrolls take you a little longer to read. [mutagenic meat]
  5780 | D:6      | Gained mutation: You are occasionally teleported next to monsters. [mutagenic meat]
  5781 | D:6      | Gained mutation: You are covered in fur (AC +1). [mutagenic meat]
  6011 | D:7      | Found a staircase to the Ecumenical Temple.
  6046 | D:7      | Reached XP level 9. HP: 64/68 MP: 9/9
  6085 | D:7      | Found a basalt altar of Yredelemnul.
  6238 | D:7      | Reached * piety under Nemelex Xobeh
  6565 | D:8      | Received a gift from Nemelex Xobeh
  6857 | D:8      | Received a gift from Nemelex Xobeh
  7119 | D:8      | Reached ** piety under Nemelex Xobeh
  7560 | D:9      | Noticed a troll
  7894 | D:9      | Got a heavy robe
  7910 | D:9      | Killed a troll
  8176 | D:9      | Found a staircase to the Orcish Mines.
  8234 | D:9      | Reached skill level 5 in Armour
  8241 | D:9      | Reached XP level 10. HP: 51/77 MP: 10/10
  8645 | D:9      | Received a gift from Nemelex Xobeh
  8974 | D:10     | Entered Level 10 of the Dungeon
  8974 | D:10     | Found Gorikkown's Weapon Shoppe.
  9215 | D:9      | Reached skill level 1 in Evocations
  9739 | D:10     | Identified a scroll of acquirement
  9741 | D:10     | Got a translucent shield
  9747 | D:10     | Identified the -5 shield of the Flute {rN+ Regen+ rCorr Str-4} (You acquired it on level 10 of the Dungeon)
  9760 | D:10     | Noticed a hill giant
  9769 | D:10     | Killed a hill giant
  9769 | D:10     | Reached XP level 11. HP: 71/87 MP: 11/11
  9786 | D:10     | Reached *** piety under Nemelex Xobeh
  9833 | D:10     | Found a staircase to the Lair.
  9996 | D:10     | Found a huge runed gate.
  9997 | D:10     | Found a huge runed gate.
  9997 | D:10     | Noticed a griffon
  9998 | D:10     | Noticed a griffon
  9998 | D:10     | Noticed a griffon
  9998 | D:10     | Found a huge runed gate.
  9999 | D:10     | Noticed a griffon
  9999 | D:10     | Found a huge runed gate.
 10123 | D:10     | Bought a +5 battleaxe of venom for 591 gold pieces
 10164 | D:10     | Killed a griffon
 10172 | D:10     | Killed a griffon
 10174 | D:10     | Killed a griffon
 10181 | D:10     | Killed a griffon
 10278 | Orc:1    | Entered Level 1 of the Orcish Mines
 10289 | Orc:1    | Reached skill level 10 in Dodging
 10290 | Orc:1    | Noticed an orc sorcerer
 10397 | Orc:1    | Noticed a white ugly thing
 10399 | Orc:1    | Paralysed by an orc sorcerer for 4 turns
 10400 | Orc:1    | Noticed an orc high priest
 10400 | Orc:1    | Killed an orc sorcerer
 10404 | Orc:1    | Noticed a sun demon
 10546 | Orc:1    | Killed an orc high priest
 10784 | Orc:1    | Received a gift from Nemelex Xobeh
 11059 | Orc:2    | Entered Level 2 of the Orcish Mines
 11059 | Orc:2    | Noticed an ettin
 11063 | Orc:2    | Noticed Josephine
 11067 | Orc:2    | Killed an ettin
 11067 | Orc:2    | Reached skill level 10 in Fighting
 11067 | Orc:2    | Killed from afar by Josephine

Skill      XL: |  1  2  3  4  5  6  7  8  9 10 11 |
---------------+----------------------------------+-----
Axes           | 3 4 5 7 8 |  8.7
Throwing       | 2 |  2.0
Dodging        | 3 4 5 7 8 9 10 | 10.1
Armour         | 1 2 4 5 7 |  7.4
Stealth        | 1 2 3 |  3.6
Fighting       | 3 4 5 6 8 10 | 10.0
Evocations     | 1 2 |  2.8
Long Blades    | |  0.5
Shields        | |  0.8

Action                   |  1- 3 |  4- 6 |  7- 9 | 10-12 || total
-------------------------+-------+-------+-------+-------++-------
Melee: War axe           |   141 |   142 |   236 |   123 ||   642
       Kick              |     3 |       |       |       ||     3
       Falchion          |       |       |       |     6 ||     6
       Battleaxe         |       |       |       |   120 ||   120
Evoke: Wand              |       |     1 |     6 |    25 ||    32
       Deck              |       |       |     1 |     4 ||     5
  Use: Scroll            |     7 |       |     3 |     6 ||    16
       Potion            |       |     4 |     9 |     1 ||    14
 Stab: Sleeping          |     1 |     2 |     3 |     1 ||     7
       Distracted        |       |       |     1 |       ||     1
  Eat: Chunk             |     2 |     6 |    22 |    12 ||    42
       Bread ration      |       |     1 |     1 |       ||     2
       Beef jerky        |       |       |     1 |       ||     1
       Fruit             |       |       |       |     5 ||     5
Armor: Leather armour    |    69 |    54 |    73 |    41 ||   237
       Plate armour      |       |       |       |   137 ||   137
       Chain mail        |       |       |       |     3 ||     3
Dodge: Dodged            |   128 |    98 |   177 |   224 ||   627
Block: Other             |       |     1 |     9 |    32 ||    42
